 Dungeon Crawl Stone Soup version 0.28-a0-381-g937acc2988 (webtiles) character file.

Game seed: 13821825096101033558

1647 Demosthentine the Nimble (level 9, -2/71 HPs)
             Began as a Merfolk Gladiator on Sept 2, 2021.
             Was a Follower of Elyvilon.
             Slain by a steam dragon (6 damage)
             ... on level 6 of the Dungeon.
             The game lasted 00:06:42 (6210 turns).

Demosthentine the Nimble (Merfolk Gladiator)        Turns: 6210, Time: 00:06:42

Health: -2/71      AC:  6    Str: 16    XL:     9   Next: 0%
Magic:  9/9        EV: 18    Int: 13    God:    Elyvilon [*.....]
Gold:   105        SH:  5    Dex: 17    Spells: 8/8 levels left

rFire   . . .      SeeInvis .   a - +1 trident (flame)
rCold   . . .      Faith    .   (no shield)
rNeg    . . .      Spirit   .   b - +0 leather armour
rPois   .          Reflect  +   c - +0 helmet
rElec   .          Harm     .   g - +1 cloak
rCorr   .          Rampage  .   (no gloves)
Will    .....                   (no boots)
Stlth   +.........              j - amulet of reflection
HPRegen 0.21/turn               n - +6 ring of intelligence
MPRegen 0.11/turn               (no ring)

@: studying Dodging
A: (nimble swimmer 2), mertail
a: Renounce Religion, Lesser Healing, Divine Protection


You were on level 6 of the Dungeon.
You worshipped Elyvilon.
Elyvilon was aware of your devotion.
You visited 2 branches of the dungeon, and saw 7 of its levels.

You collected 263 gold pieces.
You spent 158 gold pieces at shops.

Inventory:

Hand Weapons
 a - a +1 trident of flaming (weapon)
 i - a +0 demon trident of venom
Missiles
 d - 2 throwing nets (quivered)
Armour
 b - a +0 leather armour (worn)
 c - a +0 helmet (worn)
 g - a +1 cloak (worn)
Jewellery
 j - an amulet of reflection (around neck)
 n - a +6 ring of intelligence (left hand)
Scrolls
 l - 4 scrolls of silence
 p - a scroll of amnesia {unknown}
 q - a scroll of immolation {unknown}
Potions
 e - a potion of ambrosia
 f - 2 potions of haste
 h - 2 potions of flight {unknown}
 k - a potion of brilliance
 m - 2 potions of might
 o - a potion of curing


   Skills:
 + Level 6.4 Fighting
 + Level 9.0 Polearms
 - Level 2.0 Throwing
 + Level 4.0 Armour
 + Level 10.6 Dodging


You had 8 spell levels left.
You didn't know any spells.
Your spell library contained the following spells:

 Spells                   Type           Power      Damage    Failure   Level
 Beastly Appendage        Tmut           0%         N/A       36%         1
 Wereblood                Tmut           0%         N/A       50%         2
 Spider Form              Tmut/Pois      0%         N/A       73%         3
 Leda's Liquefaction      Hex/Erth       0%         N/A       98%         4
 Bolt of Magma            Conj/Fire/Erth 0%         4d4       100%        5
 Statue Form              Tmut/Erth      0%         N/A       100%        6


Dungeon Overview and Level Annotations

Branches:
Dungeon (6/15)             Temple (1/1) D:4

Altars:
Dithmenos
Elyvilon
Fedhas
Kikubaaqudgha
Makhleb
Nemelex Xobeh
Okawaru
Trog
Zin
Lugonu

Shops:
D:3 **?


Innate Abilities, Weirdness & Mutations

((You are quick and stealthy near water. (Stealth+, EV+, Speed+++)))
Your lower body shifts to a powerful aquatic tail in water.


Message History

You reach to attack!
You hit the steam dragon. You burn the steam dragon.
The steam dragon is moderately wounded.
The steam dragon breathes steam at you. The ball of steam hits you!
You reach to attack!
You hit the steam dragon. You burn the steam dragon.
The steam dragon is heavily wounded.
You are engulfed in a cloud of scalding steam.
You hit the steam dragon but do no damage.
The steam dragon is heavily wounded.
The steam dragon breathes steam at you. The ball of steam misses you.
The steam dragon closely misses you. You block the steam dragon's attack.
You puncture the steam dragon! You burn the steam dragon.
The steam dragon is severely wounded.
You block the steam dragon's attack. The steam dragon completely misses you.
You closely miss the steam dragon.
The steam dragon is severely wounded.
You hit the steam dragon. You burn the steam dragon.
The steam dragon is severely wounded.
The steam dragon bites you. You block the steam dragon's attack.
You completely miss the steam dragon.
The steam dragon is severely wounded.
You are engulfed in a cloud of scalding steam.
You block the steam dragon's attack. x2
You hit the steam dragon but do no damage.
The steam dragon is severely wounded.
You are engulfed in a cloud of scalding steam.
The steam dragon breathes steam at you. The ball of steam misses you.
The steam dragon bites you. The steam dragon completely misses you.
You barely miss the steam dragon.
The steam dragon is severely wounded.
The steam dragon breathes steam at you. The ball of steam hits you!!
* * * LOW HITPOINT WARNING * * *
You feel better.
You are engulfed in a cloud of scalding steam.
* * * LOW HITPOINT WARNING * * *
The steam dragon bites you.
You die...

.. #<.......................)
.$.####.#####.##................
..........#))##........<.......
...##....D................>.....
...........####.................
#.##.......# #.#...............
##........##.##..............
........#>##.###.............
#.....?..#.§§@D..........####.
#.............§.......#...# #.
#..............§......##..#
#........#.#.§§§......##......
.. #.#..§§......#....... # #
#§..............<..
#..................
#..................
#.#..................


You could see a steam dragon (catching breath).

Vanquished Creatures
  Grinder (D:3)
  A sky beast (D:6)
  2 black bears (D:6)
  A phantom (D:5)
  A water moccasin zombie (D:6)
  A scorpion (D:6)
  A water moccasin skeleton (D:6)
  8 wights
  4 bullfrog zombies
  2 hounds (D:6)
  Crazy Yiuf (D:2)
  2 centaur skeletons (D:6)
  2 iguanas (D:6)
  2 orc wizards
  A killer bee zombie (D:6)
  A hound zombie (D:5)
  2 hound skeletons
  9 adders
  A shadow imp (D:6)
  A white imp (D:6)
  An ufetubus (D:4)
  4 dart slugs
  20 orcs
  8 bats
  A bat zombie (D:1)
  3 endoplasms
  2 giant cockroaches (D:1)
  9 goblins
  12 hobgoblins
  3 jackals (D:3)
  4 quokkas
  9 ball pythons
  3 frilled lizards (D:2)
  4 kobolds
  A quokka zombie (D:1)
  6 rats
134 creatures vanquished.

Vanquished Creatures (others)
  A plant (D:2)
1 creature vanquished.

Grand Total: 135 creatures vanquished

Notes
Turn   | Place    | Note
-------+----------+-------------------------------------------
     0 | D:1      | Demosthentine the Merfolk Gladiator began the quest for the
                  | Orb.
     0 | D:1      | Reached XP level 1. HP: 16/16 MP: 1/1
   254 | D:1      | Reached XP level 2. HP: 23/23 MP: 2/2
   455 | D:1      | Found a faded altar of an unknown god.
   549 | D:1      | Reached XP level 3. HP: 28/28 MP: 3/3
  1015 | D:1      | Identified a scroll of acquirement
  1015 | D:1      | Acquired a manual of Dodging
  1057 | D:2      | Reached skill level 5 in Polearms
  1075 | D:2      | Reached skill level 1 in Armour
  1280 | D:2      | Reached XP level 4. HP: 35/35 MP: 4/4
  1403 | D:2      | Reached skill level 5 in Dodging
  1877 | D:2      | Found a runed translucent door.
  1878 | D:2      | Noticed Crazy Yiuf
  1958 | D:2      | HP: 1/35 [poisoned by Crazy Yiuf]
  1969 | D:2      | Killed Crazy Yiuf
  1970 | D:2      | Reached XP level 5. HP: 11/41 MP: 5/5
  2331 | D:3      | Found Eniofeih's Assorted Antiques.
  2568 | D:3      | Found Nyosarec's Magic Scroll Boutique.
  2655 | D:3      | Noticed Grinder
  2667 | D:3      | Paralysed by Grinder for 4 turns
  2673 | D:3      | Killed Grinder
  2674 | D:3      | Reached skill level 7 in Dodging
  2674 | D:3      | Reached XP level 6. HP: 19/48 MP: 6/6
  2897 | D:3      | Found Eddeuleg's Assorted Antiques.
  2960 | D:3      | Bought a scroll labelled CAMADUHIORCH for 23 gold pieces
  2960 | D:3      | Bought a scroll labelled UGGAFEGAIL for 23 gold pieces
  2960 | D:3      | Bought a scroll labelled GAILUU ACEZEOQOJA for 23 gold
                  | pieces
  3894 | D:4      | Reached XP level 7. HP: 55/55 MP: 7/7
  4004 | D:4      | Found a staircase to the Ecumenical Temple.
  4046 | Temple   | Entered the Ecumenical Temple
  4080 | Temple   | Became a worshipper of Elyvilon the Healer
  4157 | D:5      | Entered Level 5 of the Dungeon
  4308 | D:5      | Reached skill level 8 in Dodging
  4373 | D:5      | Reached skill level 5 in Fighting
  4859 | D:5      | Reached * piety under Elyvilon
  5100 | D:3      | Bought a glowing puce potion for 20 gold pieces
  5100 | D:3      | Bought a potion of curing for 69 gold pieces
  5228 | D:6      | Reached XP level 8. HP: 38/62 MP: 8/8
  5378 | D:6      | Reached skill level 9 in Dodging
  5816 | D:6      | Reached skill level 10 in Dodging
  6194 | D:6      | Reached XP level 9. HP: 70/71 MP: 9/9
  6209 | D:6      | HP: 3/71 [steam dragon/ball of steam (30)]
  6210 | D:6      | Slain by a steam dragon

Illustrated notes

Levels and vault maps discovered:
D:1:      saegor_arrival_fortress, layout_basic,
          ebering_ecumenical_altar_sacrificial
D:2:      layout_basic, serial_bayou_pond_e, chequers_serial_rivers_small_b,
          chequers_big_river, uniq_crazy_yiuf_cottage
D:3:      layout_basic, serial_shops, nicolae_square_shop, shop_fountains, shop,
          minmay_goblin_outpost, uniq_grinder
D:4:      layout_basic, temple_green
D:5:      layout_loops_ring, serial_park_tiny_2
D:6:      layout_rooms, serial_undead, serial_undead_a, serial_undead_a,
          serial_undead_c, serial_undead_e
Temple:   corrupted_temple

Skill      XL: |  1  2  3  4  5  6  7  8 |
---------------+-------------------------+-----
Polearms       | 5 6 7 9 |  9.0
Fighting       | 3 4 5 6 |  6.4
Armour         | 1 2 3 4 |  4.0
Dodging        | 5 7 8 10 | 10.6
Throwing       | |  2.0

Action                   |  1- 3 |  4- 6 |  7- 9 || total
-------------------------+-------+-------+-------++-------
Melee: Trident           |    86 |   218 |   211 ||   515
       Tailslap          |     2 |       |     1 ||     3
Throw: Throwing net      |       |     2 |       ||     2
  Use: Scroll            |     1 |    10 |     4 ||    15
       Potion            |       |     3 |     1 ||     4
 Stab: Sleeping          |     1 |     1 |     2 ||     4
       Invisible         |       |     1 |       ||     1
Armor: Leather armour    |    15 |    46 |    32 ||    93
Dodge: Dodged            |    41 |   151 |   126 ||   318
Block: Other             |       |       |    41 ||    41
       Reflection        |       |       |     1 ||     1

Table legend: (Time is in decaauts)
 A = Elapsed time spent in this place.
 B = Non-inter-level travel time spent in this place.
 C = Inter-level travel time spent in this place.
 D = Time resting spent in this place.
 E = Time spent auto-exploring this place.
 F = Levels seen in this place.
 G = Mean time per level.
                   A        B        C        D        E       F      G
               +--------+--------+--------+--------+--------+-----+--------+
         Total |   6139 |   5664 |    475 |     21 |   4625 |   7 |  877.0 |
       Dungeon |   6090 |   5616 |    474 |     21 |   4602 |   6 | 1015.0 |
        Temple |     48 |     48 |      0 |      0 |     23 |   1 |   48.0 |
               +--------+--------+--------+--------+--------+-----+--------+

Top non-repeatable levels by time:
     D:3: 1345 daAuts
     D:2: 1222 daAuts
     D:1: 1014 daAuts
     D:6: 1005 daAuts
     D:5: 894 daAuts
     D:4: 607 daAuts
  Temple: 48 daAuts
